 Dungeon Crawl Stone Soup version 0.18.1-48-g4cf74bf (webtiles) character file.

278 OtbRedBaron the Slasher (level 6, -6/84 HPs)
             Began as a Minotaur Berserker on July 26, 2016.
             Was a Believer of Trog.
             Engulfed by a cloud of flame (19 damage)
             ... on level 3 of the Dungeon on July 28, 2016.
             The game lasted 00:18:32 (2922 turns).

OtbRedBaron the Slasher (Minotaur Berserker)        Turns: 2922, Time: 00:18:33

Health: -6/84      AC: 23    Str: 23    XL:     6   Next: 5%
Magic:  5/5        EV:  2    Int:  4    God:    Trog [**....]
Gold:   127        SH:  0    Dex: 10    Spells: 0 memorised, 5 levels left

rFire  . . .     SeeInvis .     a - +0 falchion
rCold  . . .     Gourm    .     (armour currently unavailable)
rNeg   + + +     Faith    .     (no shield)
rPois  +         Spirit   .     (helmet currently unavailable)
rElec  .         Dismiss  .     (cloak currently unavailable)
rCorr  .         Reflect  .     (gloves currently unavailable)
SustAt .         Harm     .     (boots currently unavailable)
MR     .....     NoTele   +     p - amulet of rage
Stlth  +.........               (no ring)
                                (no ring)

@: tree-form, not resistant to hostile enchantments, very unstealthy
A: (retaliatory headbutt), (horns 0)
a: Berserk, Trog's Hand, Burn Spellbooks, Renounce Religion, Evoke Berserk Rage


You were on level 3 of the Dungeon.
You worshipped Trog.
Trog was pleased with you.
You were not hungry.
You were a tree.
You visited 1 branch of the dungeon, and saw 3 of its levels.

You collected 127 gold pieces.

Inventory:

Hand Weapons
 a - a +0 falchion (weapon)
Armour
 d - a +0 plate armour (melded)
Jewellery
 p - an amulet of rage (around neck)
Scrolls
 e - a scroll of identify
 m - a scroll of magic mapping {unknown}
 n - a scroll of recharging {unknown}
Potions
 c - a potion of brilliance {unknown}
 i - a potion of invisibility {unknown}
Comestibles
 f - a royal jelly
 g - a beef jerky
 j - 2 bread rations
 l - a fruit


   Skills:
 + Level 5.1 Fighting
 + Level 5.2 Long Blades
 + Level 5.2 Armour
 + Level 2.5 Dodging


You had 5 spell levels left.
You didn't know any spells.

Dungeon Overview and Level Annotations

Branches:
Dungeon (3/15)

Altars:
Elyvilon
Sif Muna
The Shining One


Innate Abilities, Weirdness & Mutations

((You reflexively headbutt those who attack you in melee.))
((You have a pair of horns on your head.))


Message History

You slash MovingMist's ghost!
MovingMist's ghost explodes!
The fiery explosion engulfs you!
* * * LOW HITPOINT WARNING * * *
Your Armour skill increases to level 5!
You have reached level 6!
Your experience leads to an increase in your attributes!
Increase (S)trength, (I)ntelligence, or (D)exterity?
You feel stronger.
You are engulfed in roaring flames.
* * * LOW HITPOINT WARNING * * *
You cannot move.
You cannot move.
You cannot move.
You're standing in a cloud of flame!
You cannot move.
You cannot move.
There isn't anything here!
You are engulfed in roaring flames.
You die...

..#.#
#.#........
#.#.#
#.#.######.
#.#.#
#..........
#.#.##
#.#########
#....#
#..........
#....#
###########
#.§..#
#§§..#
#♣#+## #†..#
##..# #..#
### #..# #_#
#..# ##'##
#..#
#...#####..#
#...#.....>#


There were no monsters in sight!

Vanquished Creatures
  The ghost of MovingMist the Covered, an amateur DDFi (D:3)
  Terence (D:2)
  Natasha (twice) (D:2)
  6 adders
  An ooze (D:1)
  2 worms (D:2)
  3 giant geckos
  A giant cockroach (D:1)
  6 goblins
  6 hobgoblins
  4 jackals (D:2)
  4 quokkas
  5 bats
  3 giant newts
  3 kobolds
  A rat (D:3)
49 creatures vanquished.

Notes
Turn   | Place    | Note
--------------------------------------------------------------
     0 | D:1      | OtbRedBaron the Minotaur Berserker began the quest for the Orb.
     0 | D:1      | Reached XP level 1. HP: 19/19 MP: 0/0
   501 | D:1      | Reached XP level 2. HP: 27/27 MP: 1/1
   872 | D:2      | Reached XP level 3. HP: 26/33 MP: 2/2
  1012 | D:2      | Noticed Natasha
  1017 | D:2      | Killed Natasha
  1109 | D:2      | Found a glowing golden altar of the Shining One.
  1123 | D:2      | Found a white marble altar of Elyvilon.
  1143 | D:2      | Noticed Terence
  1157 | D:2      | Killed Terence
  1157 | D:2      | Reached XP level 4. HP: 20/41 MP: 3/3
  1483 | D:2      | Reached ** piety under Trog
  1879 | D:2      | Noticed Natasha
  1892 | D:2      | Killed Natasha
  1892 | D:2      | Reached skill level 5 in Long Blades
  1892 | D:2      | Reached XP level 5. HP: 44/47 MP: 4/4
  2321 | D:3      | Noticed MovingMist's ghost (amateur DDFi)
  2736 | D:3      | Reached skill level 5 in Fighting
  2872 | D:3      | Found a deep blue altar of Sif Muna.
  2921 | D:3      | Killed MovingMist's ghost
  2921 | D:3      | Reached skill level 5 in Armour
  2921 | D:3      | Reached XP level 6. HP: 17/56 MP: 5/5
  2922 | D:3      | Engulfed by a cloud of flame

Skill      XL: |  1  2  3  4  5 |
---------------+----------------+-----
Fighting       | 4 5 |  5.1
Long Blades    | 4 5 |  5.2
Armour         | 3 4 5 |  5.2
Dodging        | |  2.5

Action                   |  1- 3 |  4- 6 || total
-------------------------+-------+-------++-------
Melee: Falchion          |    63 |   109 ||   172
       Headbutt          |    10 |    22 ||    32
  Use: Scroll            |     2 |     5 ||     7
       Potion            |       |     1 ||     1
  Eat: Bread ration      |       |     1 ||     1
       Royal jelly       |       |     1 ||     1
Armor: Plate armour      |    41 |    66 ||   107
       Skin              |       |     9 ||     9
Dodge: Dodged            |    20 |    33 ||    53
